WCHLSIM.com - West Coast Hockey League
html PUBLIC "-//W3C//DTD XHTML 1.0 Transitional//EN" "http://www.w3.org/TR/xhtml1/DTD/xhtml1-transitional.dtd"> WCHL - Game 578 - SEATTLE GRUNGE vs SAN JOSE BRONCOS

SEATTLE GRUNGE vs SAN JOSE BRONCOS

Created - 5 janvier 2020 at 11:20

Goals
1 2 3 OT1 T
SEATTLE GRUNGE 3 0 0 0 3
SAN JOSE BRONCOS 1 1 1 1 4
Shots
1 2 3 OT1 T
SEATTLE GRUNGE 10 11 3 2 26
SAN JOSE BRONCOS 16 9 11 3 39

1st period

1. SEATTLE GRUNGE , Jeff Skinner 17 (Seth Jones 13, Tyler Seguin 28) at 0:43
2. SEATTLE GRUNGE , Vladimir Sobotka 3 (Oskar Sundqvist 10, Travis Sanheim 4) at 2:45
3. SAN JOSE BRONCOS , Alexander Radulov 19 (Dustin Brown 8, Evgeni Malkin 22) at 7:13
4. SEATTLE GRUNGE , Rasmus Dahlin 4 (Tyler Seguin 29, Josh Bailey 12) at 11:47

Penalties :
Brady Skjei (SJO) for Cross-checking (Minor) at 8:55, Tyler Seguin (SEA) for Slashing (Minor) at 12:26, Josh Bailey (SEA) for Hooking (Minor) at 15:27

2nd period

5. SAN JOSE BRONCOS , Colton Sissons 7 (Jordan Weal 5, Brady Skjei 8) at 13:33

Penalties :
Brady Skjei (SJO) for Delaying the game (Minor) at 15:59

3rd period

6. SAN JOSE BRONCOS , Evgeni Malkin 11 (Alexander Radulov 15, Zach Parise 22) at 19:58

Penalties :
Brady Skjei (SJO) for Diving (Minor) at 8:38, Rasmus Dahlin (SEA) for Slashing (Minor) at 15:13

Overtime #1

7. SAN JOSE BRONCOS , Evgeni Malkin 12 (Alexander Radulov 16, Jaccob Slavin 21) at 2:33

Penalties :
No Penalty

Goalie Stats

Semyon Varlamov (SEA), 35 saves from 39 shots - (0,897), OTL, 17-8-3, 62:34 minutes
Petr Mrazek (SJO), 23 saves from 26 shots - (0,885), W, 2-2-0, 62:04 minutes

Players Stats for SEATTLE GRUNGE

Player Name              G  A  P  +/- PIM S  H  SB GA TA FO     MP     PP MP  PK MP  
------------------------------------------------------------------------------------
Chris Tierney            0  0  0  -1  0   3  0  0  0  0  10/22  17:46   2:53   2:09 
Damon Severson           0  0  0   0  0   1  3  3  0  0  0/0    22:44   2:57   3:57 
Jason Zucker             0  0  0   0  0   4  0  0  0  0  0/1    17:24   2:53   3:07 
Jeff Skinner             1  0  1   1  0   3  1  0  0  0  1/3    14:55   3:04   0:00 
Josh Bailey              0  1  1   0  2   1  0  0  0  0  0/0    17:59   3:04   1:45 
Matthew Grzelcyk         0  0  0   0  0   0  0  3  0  0  0/0    15:54   0:00   0:32 
Michael Frolik           0  0  0   0  0   0  3  0  0  0  2/4    17:10   2:53   2:53 
Mike Sgarbossa           0  0  0   0  0   1  0  0  0  0  1/3    13:29   0:00   0:00 
Oskar Sundqvist          0  1  1  -1  0   0  0  1  0  0  8/18   14:00   0:00   1:24 
Rasmus Dahlin            1  0  1   0  2   2  1  0  0  0  0/0    21:12   2:57   2:26 
Roman Josi               0  0  0  -1  0   0  0  5  0  0  0/0    24:24   3:00   2:45 
Seth Jones               0  1  1   0  0   1  0  3  0  0  0/0    21:08   3:00   0:34 
Steve Bernier            0  0  0  -1  0   0  0  0  0  0  1/1    12:36   0:00   0:00 
Travis Sanheim           0  1  1   0  0   1  0  1  0  0  0/0    17:11   0:00   1:40 
Tyler Seguin             0  2  2   1  2   5  1  0  0  0  7/17   14:54   3:04   0:00 
Victor Rask              0  0  0   0  0   0  0  0  0  0  1/1    13:29   0:00   0:00 
Vladimir Sobotka         1  0  1  -1  0   1  0  0  0  0  1/2    12:36   0:00   0:00 
Zemgus Girgensons        0  0  0   0  0   3  3  0  0  0  3/16   12:51   0:00   0:36 

Players Stats for SAN JOSE BRONCOS

Player Name              G  A  P  +/- PIM S  H  SB GA TA FO     MP     PP MP  PK MP  
------------------------------------------------------------------------------------
Adam Pelech              0  0  0   0  0   0  0  3  0  0  0/0    23:08   2:17   3:33 
Alexander Radulov        1  2  3   3  0   4  1  0  0  0  0/1    22:16   3:25   0:00 
Anthony Beauvillier      0  0  0  -1  0   5  2  0  0  0  0/0    11:24   0:00   0:00 
Brady Skjei              0  1  1   1  6   2  2  2  0  0  0/0    24:19   4:00   0:00 
Brett Kulak              0  0  0  -1  0   0  1  1  0  0  0/0    15:39   1:57   2:24 
Carter Rowney            0  0  0   1  0   0  3  0  0  0  0/0     7:04   0:00   0:00 
Colton Sissons           1  0  1   1  0   1  0  0  0  0  7/12    7:04   0:00   0:00 
Dustin Brown             0  1  1   1  0   3  1  0  0  0  0/2    18:54   2:32   0:00 
Evgeni Malkin            2  1  3   3  0   7  2  0  0  0  17/28  22:16   3:25   0:00 
Jaccob Slavin            0  1  1   2  0   1  2  3  0  0  0/0    27:17   3:40   2:55 
Jesper Bratt             0  0  0  -1  0   2  1  0  0  0  0/1    11:24   0:00   0:00 
Jordan Weal              0  1  1   1  0   0  0  0  0  0  1/3     9:41   0:00   2:37 
Marco Scandella          0  0  0   0  0   0  0  2  0  0  0/0    18:37   0:00   1:19 
Mikko Koivu              0  0  0  -2  0   6  0  1  0  0  21/26  19:13   2:32   3:20 
Nick Bonino              0  0  0  -1  0   3  0  0  0  0  7/13   14:01   0:00   2:37 
Nick Holden              0  0  0  -1  0   0  0  1  0  0  0/0    13:31   0:00   1:43 
Oliver Bjorkstrand       0  0  0  -2  0   1  1  0  0  0  0/1    15:01   2:32   0:00 
Zach Parise              0  1  1  -1  0   4  1  1  0  0  0/1    20:53   3:25   3:20 

3 Stars

1 - Evgeni Malkin (SJO)
2 - Alexander Radulov (SJO)
3 - Jaccob Slavin (SJO)

Power Play

SEATTLE GRUNGE - 0 on 3 Attempt(s) - 0,00%
SAN JOSE BRONCOS - 0 on 3 Attempt(s) - 0,00%

Penalty Kill

SEATTLE GRUNGE - 3 on 3 Attempt(s) - 100,00% - Score 0 goal in Penalty Kill
SAN JOSE BRONCOS - 3 on 3 Attempt(s) - 100,00% - Score 0 goal in Penalty Kill

Team Stat

SEATTLE GRUNGE - Hits : 12 - Faceoff Wins : 35 - Blocked Shots : 16 - Penalty Minutes : 6
SAN JOSE BRONCOS - Hits : 17 - Faceoff Wins : 53 - Blocked Shots : 14 - Penalty Minutes : 6

Official

Referees : Gord Dwyer and Mike Langin
Linesman : Mike Emanatian and Jared Hoffmeyer

Game Notes

No Game Note

Finance

Level 1 -- Attendance: 6000 (100,00%) -- Ticket Income 762 000 $
Level 2 -- Attendance: 4933 (98,66%) -- Ticket Income 379 841 $
Level 3 -- Attendance: 1758 (87,90%) -- Ticket Income 110 754 $
Level 4 -- Attendance: 4000 (100,00%) -- Ticket Income 112 000 $
Luxury Box -- Attendance: 881 (88,10%) -- Ticket Income 199 987 $
Total Attendance: 17572 (97,62%)
Total Ticket Income: 1 564 582 $
Other Income: 469 375 $
Total Income: 2 033 957 $

SEATTLE GRUNGE

5 vs 5 Forward 
   Center                   Left Wing                Right Wing               Time % Phy DF OF 
 1 Tyler Seguin             Jeff Skinner             Josh Bailey              25     1   2  2  
 2 Chris Tierney            Jason Zucker             Michael Frolik           25     1   2  2  
 3 Oskar Sundqvist          Vladimir Sobotka         Steve Bernier            25     1   2  2  
 4 Zemgus Girgensons        Mike Sgarbossa           Victor Rask              25     1   2  2  

5 vs 5 Defense 
   Defense                  Defense                                           Time % Phy DF OF 
 1 Roman Josi               Seth Jones                                        34     1   2  2  
 2 Damon Severson           Rasmus Dahlin                                     33     1   2  2  
 3 Travis Sanheim           Matthew Grzelcyk                                  33     1   2  2  
 4 Roman Josi               Seth Jones                                        0      1   2  2  

PowerPlay Forward 
   Center                   Left Wing                Right Wing               Time % Phy DF OF 
 1 Tyler Seguin             Jeff Skinner             Josh Bailey              55     1   2  2  
 2 Chris Tierney            Jason Zucker             Michael Frolik           45     1   2  2  

PowerPlay Defense
   Defense                  Defense                                           Time % Phy DF OF 
 1 Roman Josi               Seth Jones                                        55     1   2  2  
 2 Damon Severson           Rasmus Dahlin                                     45     1   2  2  

Penalty Kill 4 Players Forward 
   Center                   Wing                     Time % Phy DF OF 
 1 Michael Frolik           Jason Zucker             55     1   2  2  
 2 Chris Tierney            Josh Bailey              45     1   2  2  

Penalty Kill 4 Players Defense
   Defense                  Defense                  Time % Phy DF OF 
 1 Roman Josi               Travis Sanheim           55     1   2  2  
 2 Damon Severson           Rasmus Dahlin            45     1   2  2  

Penalty Kill - 3 Players Forward 
   Forward                                           Time % Phy DF OF 
 1 Josh Bailey                                       55     1   2  2  
 2 Chris Tierney                                     45     1   2  2  

Penalty Kill - 3 Players Defense
   Defense                  Defense                  Time % Phy DF OF 
 1 Roman Josi               Seth Jones               55     1   2  2  
 2 Damon Severson           Rasmus Dahlin            45     1   2  2  

4 vs 4 Forward 
   Center                   Wing                     Time % Phy DF OF 
 1 Jason Zucker             Michael Frolik           55     1   2  2  
 2 Chris Tierney            Josh Bailey              45     1   2  2  

4 vs 4 Defense
   Defense                  Defense                  Time % Phy DF OF 
 1 Roman Josi               Seth Jones               55     1   2  2  
 2 Damon Severson           Rasmus Dahlin            45     1   2  2  

Last Minutes Offensive
   Center                   Left Wing                Right Wing               Defense                  Defense                  
   Tyler Seguin             Jeff Skinner             Josh Bailey              Roman Josi               Seth Jones               

Last Minutes Defensive
   Center                   Left Wing                Right Wing               Defense                  Defense                  
   Tyler Seguin             Jeff Skinner             Josh Bailey              Roman Josi               Seth Jones               

Goaltenders
Starting : Semyon Varlamov          
Backup : Carter Hutton            

Extra Forwards
Normal : Mike Sgarbossa, Victor Rask, Oskar Sundqvist - PP : Mike Sgarbossa, Victor Rask - PK : Oskar Sundqvist
Extra Defensemen
Normal : Travis Sanheim, Seth Jones, Damon Severson - PP : Travis Sanheim - PK : Roman Josi, Damon Severson
Penalty Shots
Oskar Sundqvist, Victor Rask, Chris Tierney, Josh Bailey, Jason Zucker
Custom OT Lines Forwards
Victor Rask, Mike Sgarbossa, Chris Tierney, Josh Bailey, Jason Zucker, Michael Frolik, Oskar Sundqvist, Vladimir Sobotka, Zemgus Girgensons, Steve Bernier
Custom OT Lines Defensemen
Roman Josi, Seth Jones, Damon Severson, Rasmus Dahlin, Travis Sanheim

Scratches
Yannick Weber (Healthy), J.T. Brown (Healthy), Chad Johnson (Healthy)

SAN JOSE BRONCOS

5 vs 5 Forward 
   Center                   Left Wing                Right Wing               Time % Phy DF OF 
 1 Evgeni Malkin            Dustin Brown             Alexander Radulov        37     1   2  2  
 2 Mikko Koivu              Oliver Bjorkstrand       Zach Parise              32     1   2  2  
 3 Nick Bonino              Anthony Beauvillier      Jesper Bratt             21     1   2  2  
 4 Colton Sissons           Jordan Weal              Carter Rowney            10     1   2  2  

5 vs 5 Defense 
   Defense                  Defense                                           Time % Phy DF OF 
 1 Jaccob Slavin            Brady Skjei                                       39     1   2  2  
 2 Adam Pelech              Marco Scandella                                   36     1   2  2  
 3 Brett Kulak              Nick Holden                                       25     1   2  2  
 4 Jaccob Slavin            Brett Kulak                                       0      1   2  2  

PowerPlay Forward 
   Center                   Left Wing                Right Wing               Time % Phy DF OF 
 1 Evgeni Malkin            Zach Parise              Alexander Radulov        55     1   2  2  
 2 Mikko Koivu              Dustin Brown             Oliver Bjorkstrand       45     1   2  2  

PowerPlay Defense
   Defense                  Defense                                           Time % Phy DF OF 
 1 Adam Pelech              Brady Skjei                                       55     1   2  2  
 2 Jaccob Slavin            Brady Skjei                                       45     1   2  2  

Penalty Kill 4 Players Forward 
   Center                   Wing                     Time % Phy DF OF 
 1 Mikko Koivu              Zach Parise              55     1   2  2  
 2 Nick Bonino              Jordan Weal              45     1   2  2  

Penalty Kill 4 Players Defense
   Defense                  Defense                  Time % Phy DF OF 
 1 Adam Pelech              Marco Scandella          55     1   2  2  
 2 Jaccob Slavin            Brady Skjei              45     1   2  2  

Penalty Kill - 3 Players Forward 
   Forward                                           Time % Phy DF OF 
 1 Mikko Koivu                                       55     1   2  2  
 2 Alexander Radulov                                 45     1   2  2  

Penalty Kill - 3 Players Defense
   Defense                  Defense                  Time % Phy DF OF 
 1 Jaccob Slavin            Brady Skjei              50     1   2  2  
 2 Brett Kulak              Adam Pelech              50     1   2  2  

4 vs 4 Forward 
   Center                   Wing                     Time % Phy DF OF 
 1 Nick Bonino              Zach Parise              50     1   2  2  
 2 Mikko Koivu              Oliver Bjorkstrand       50     1   2  2  

4 vs 4 Defense
   Defense                  Defense                  Time % Phy DF OF 
 1 Brady Skjei              Marco Scandella          50     1   2  2  
 2 Brett Kulak              Adam Pelech              50     1   2  2  

Last Minutes Offensive
   Center                   Left Wing                Right Wing               Defense                  Defense                  
   Evgeni Malkin            Zach Parise              Alexander Radulov        Brady Skjei              Jaccob Slavin            

Last Minutes Defensive
   Center                   Left Wing                Right Wing               Defense                  Defense                  
   Mikko Koivu              Zach Parise              Alexander Radulov        Brady Skjei              Jaccob Slavin            

Goaltenders
Starting : Petr Mrazek              
Backup : Jacob Markstrom          

Extra Forwards
Normal : Jordan Weal, Oliver Bjorkstrand, Zach Parise - PP : Oliver Bjorkstrand, Mikko Koivu - PK : Carter Rowney
Extra Defensemen
Normal : Adam Pelech, Brett Kulak, Brady Skjei - PP : Adam Pelech - PK : Brady Skjei, Jaccob Slavin
Penalty Shots
Evgeni Malkin, Alexander Radulov, Zach Parise, Dustin Brown, Oliver Bjorkstrand
Custom OT Lines Forwards
Evgeni Malkin, Alexander Radulov, Mikko Koivu, Zach Parise, Nick Bonino, Dustin Brown, Colton Sissons, Oliver Bjorkstrand, Jordan Weal, Anthony Beauvillier
Custom OT Lines Defensemen
Jaccob Slavin, Brady Skjei, Adam Pelech, Marco Scandella, Brett Kulak

Scratches
Gabriel Vilardi (Healthy), Brayden Point (Sore Right Knee Injury), Eemeli Rasanen (Healthy), Jared Spurgeon (Bruised Right Shoulder Injury), Neal Pionk (Strained Left Knee Injury)
Nikita Popugaev (Healthy), Nolan Stevens (Healthy), Rem Pitlick (Healthy), Zach Fischer (Healthy), Alexandar Georgiev (Healthy)

% Time on Ice - SEATTLE GRUNGE

Lines # - Real PCT - Wanted PCT - Time Play
Normal Forward
1 - 24% - 25% - 11:12
2 - 24% - 25% - 11:24
3 - 27% - 25% - 12:36
4 - 26% - 25% - 12:15
Normal Defense
1 - 34% - 34% - 16:06
2 - 33% - 33% - 15:50
3 - 33% - 33% - 15:31
4 - 0% - 0% - 0:00
PP Forward
1 - 52% - 55% - 3:04
2 - 48% - 45% - 2:53
PP Defense
1 - 50% - 55% - 3:00
2 - 50% - 45% - 2:57
PK Forward
1 - 58% - 55% - 3:28
2 - 42% - 45% - 2:29
PK Defense
1 - 28% - 55% - 1:40
2 - 72% - 45% - 4:17
PK3 Forward
1 - 0% - 55%
2 - 0% - 45%
PK3 Defense
1 - 0% - 55%
2 - 0% - 45%
44 Forward
1 - 0% - 55%
2 - 0% - 45%
44 Defense
1 - 0% - 55%
2 - 0% - 45%
Last Minute Offensive  - 0:00
Last Minute Defensive  - 0:39
Total
Forward - 60:00
Defense - 60:00

% Time on Ice - SAN JOSE BRONCOS

Lines # - Real PCT - Wanted PCT - Time Play
Normal Forward
1 - 35% - 37% - 16:22
2 - 26% - 32% - 12:29
3 - 24% - 21% - 11:24
4 - 15% - 10% - 7:04
Normal Defense
1 - 40% - 39% - 18:43
2 - 37% - 36% - 17:18
3 - 24% - 25% - 11:18
4 - 0% - 0% - 0:00
PP Forward
1 - 57% - 55% - 3:25
2 - 43% - 45% - 2:32
PP Defense
1 - 38% - 55% - 2:17
2 - 62% - 45% - 3:40
PK Forward
1 - 56% - 55% - 3:20
2 - 44% - 45% - 2:37
PK Defense
1 - 22% - 55% - 1:19
2 - 78% - 45% - 4:38
PK3 Forward
1 - 0% - 55%
2 - 0% - 45%
PK3 Defense
1 - 0% - 50%
2 - 0% - 50%
44 Forward
1 - 0% - 50%
2 - 0% - 50%
44 Defense
1 - 0% - 50%
2 - 0% - 50%
Last Minute Offensive  - 0:47
Last Minute Defensive  - 0:00
Total
Forward - 60:00
Defense - 60:00

Play-by-Play

1st period


0:01 of 1st period - Evgeni Malkin wins face-off versus Tyler Seguin in neutral zone.
0:08 of 1st period - Shot by Evgeni Malkin.
0:08 of 1st period - Shot Blocked by Roman Josi.
0:11 of 1st period - Icing by Seth Jones.
0:12 of 1st period - Mikko Koivu wins face-off versus Tyler Seguin in SEATTLE GRUNGE zone.
0:17 of 1st period - Shot by Zach Parise.
0:17 of 1st period - Shot Misses the Net.
0:27 of 1st period - Shot by Zach Parise.
0:27 of 1st period - Shot Misses the Net.
0:37 of 1st period - Shot by Tyler Seguin.
0:37 of 1st period - Shot Misses the Net.
0:43 of 1st period - Shot by Jeff Skinner.
0:43 of 1st period - Goal by Jeff Skinner - SEATTLE GRUNGE : 1 - SAN JOSE BRONCOS : 0.
0:44 of 1st period - Nick Bonino wins face-off versus Chris Tierney in neutral zone.
1:03 of 1st period - Shot by Anthony Beauvillier.
1:03 of 1st period - Stopped by Semyon Varlamov without a rebound.
1:04 of 1st period - Oskar Sundqvist wins face-off versus Dustin Brown in SEATTLE GRUNGE zone.
1:20 of 1st period - Shot by Dustin Brown.
1:20 of 1st period - Deflect By Evgeni Malkin.
1:20 of 1st period - Stopped by Semyon Varlamov without a rebound.
1:21 of 1st period - Colton Sissons wins face-off versus Zemgus Girgensons in SEATTLE GRUNGE zone.
1:29 of 1st period - Icing by Damon Severson.
1:30 of 1st period - Victor Rask wins face-off versus Evgeni Malkin in SEATTLE GRUNGE zone.
1:30 of 1st period - Victor Rask is hit by Dustin Brown.
2:06 of 1st period - Icing by Rasmus Dahlin.
2:07 of 1st period - Mikko Koivu wins face-off versus Zemgus Girgensons in SEATTLE GRUNGE zone.
2:37 of 1st period - Shot by Mikko Koivu.
2:37 of 1st period - Stopped by Semyon Varlamov without a rebound.
2:38 of 1st period - Oskar Sundqvist wins face-off versus Nick Bonino in SEATTLE GRUNGE zone.
2:45 of 1st period - Shot by Oskar Sundqvist.
2:45 of 1st period - Deflect By Vladimir Sobotka.
2:45 of 1st period - Goal by Vladimir Sobotka - SEATTLE GRUNGE : 2 - SAN JOSE BRONCOS : 0.
2:46 of 1st period - Chris Tierney wins face-off versus Colton Sissons in neutral zone.
3:17 of 1st period - Michael Frolik is hit by Carter Rowney.
3:42 of 1st period - Brady Skjei is hit by Michael Frolik and loses puck.
4:08 of 1st period - Shot by Anthony Beauvillier.
4:08 of 1st period - Deflect By Nick Bonino.
4:08 of 1st period - Stopped by Semyon Varlamov with a rebound.
4:10 of 1st period - Shot by Jaccob Slavin.
4:10 of 1st period - Stopped by Semyon Varlamov without a rebound.
4:11 of 1st period - Evgeni Malkin wins face-off versus Oskar Sundqvist in SEATTLE GRUNGE zone.
4:18 of 1st period - Shot by Evgeni Malkin.
4:18 of 1st period - Shot Misses the Net.
5:16 of 1st period - Icing by Adam Pelech.
5:17 of 1st period - Evgeni Malkin wins face-off versus Zemgus Girgensons in SAN JOSE BRONCOS zone.
5:29 of 1st period - Icing by Rasmus Dahlin.
5:30 of 1st period - Mikko Koivu wins face-off versus Zemgus Girgensons in SEATTLE GRUNGE zone.
5:31 of 1st period - Shot by Zach Parise.
5:31 of 1st period - Shot Misses the Net.
6:07 of 1st period - Icing by Brady Skjei.
6:08 of 1st period - Mikko Koivu wins face-off versus Jeff Skinner in SAN JOSE BRONCOS zone.
6:14 of 1st period - Icing by Roman Josi.
6:15 of 1st period - Nick Bonino wins face-off versus Tyler Seguin in SEATTLE GRUNGE zone.
6:18 of 1st period - Shot by Anthony Beauvillier.
6:18 of 1st period - Stopped by Semyon Varlamov with a rebound.
6:44 of 1st period - Shot by Tyler Seguin.
6:44 of 1st period - Stopped by Petr Mrazek without a rebound.
6:45 of 1st period - Evgeni Malkin wins face-off versus Oskar Sundqvist in SAN JOSE BRONCOS zone.
6:47 of 1st period - Icing by Alexander Radulov.
6:48 of 1st period - Oskar Sundqvist wins face-off versus Evgeni Malkin in SAN JOSE BRONCOS zone.
7:11 of 1st period - Shot by Dustin Brown.
7:11 of 1st period - Stopped by Semyon Varlamov with a rebound.
7:13 of 1st period - Shot by Alexander Radulov.
7:13 of 1st period - Goal by Alexander Radulov - SEATTLE GRUNGE : 2 - SAN JOSE BRONCOS : 1.
7:14 of 1st period - Tyler Seguin wins face-off versus Mikko Koivu in neutral zone.
7:14 of 1st period - Tyler Seguin is hit by Zach Parise.
7:17 of 1st period - Jeff Skinner is hit by Oliver Bjorkstrand.
7:20 of 1st period - Tyler Seguin is hit by Brady Skjei and loses puck.
7:35 of 1st period - Icing by Brady Skjei.
7:36 of 1st period - Mikko Koivu wins face-off versus Chris Tierney in SAN JOSE BRONCOS zone.
7:43 of 1st period - Shot by Jason Zucker.
7:43 of 1st period - Shot Blocked by Zach Parise.
7:45 of 1st period - Shot by Jason Zucker.
7:45 of 1st period - Stopped by Petr Mrazek without a rebound.
7:46 of 1st period - Oskar Sundqvist wins face-off versus Nick Bonino in SAN JOSE BRONCOS zone.
8:19 of 1st period - Shot by Jesper Bratt.
8:19 of 1st period - Shot Blocked by Seth Jones.
8:21 of 1st period - Shot by Nick Bonino.
8:21 of 1st period - Deflect By Jesper Bratt.
8:21 of 1st period - Stopped by Semyon Varlamov with a rebound.
8:23 of 1st period - Shot by Nick Bonino.
8:23 of 1st period - Shot Misses the Net.
8:31 of 1st period - Roman Josi is hit by Anthony Beauvillier and loses puck.
8:55 of 1st period - Minor Penalty to Brady Skjei for Cross-checking.
8:56 of 1st period - Mikko Koivu wins face-off versus Tyler Seguin in SAN JOSE BRONCOS zone.
9:13 of 1st period - Icing by Jeff Skinner.
9:14 of 1st period - Jeff Skinner wins face-off versus Zach Parise in SEATTLE GRUNGE zone.
9:25 of 1st period - Shot by Tyler Seguin.
9:25 of 1st period - Deflect By Jeff Skinner.
9:25 of 1st period - Shot Blocked by Mikko Koivu.
9:27 of 1st period - Shot by Tyler Seguin.
9:27 of 1st period - Deflect By Jeff Skinner.
9:27 of 1st period - Shot Misses the Net.
9:29 of 1st period - Shot by Jeff Skinner.
9:29 of 1st period - Stopped by Petr Mrazek with a rebound.
9:47 of 1st period - Shot by Jeff Skinner.
9:47 of 1st period - Shot Misses the Net.
9:49 of 1st period - Shot by Tyler Seguin.
9:49 of 1st period - Stopped by Petr Mrazek without a rebound.
9:50 of 1st period - Nick Bonino wins face-off versus Chris Tierney in SAN JOSE BRONCOS zone.
10:05 of 1st period - Shot by Nick Bonino.
10:05 of 1st period - Shot Blocked by Roman Josi.
10:07 of 1st period - Shot by Nick Bonino.
10:07 of 1st period - Shot Misses the Net.
10:49 of 1st period - Icing by Rasmus Dahlin.
10:50 of 1st period - Tyler Seguin wins face-off versus Mikko Koivu in SEATTLE GRUNGE zone.
10:56 of 1st period - Off-side.
10:57 of 1st period - Evgeni Malkin wins face-off versus Zemgus Girgensons in neutral zone.
11:08 of 1st period - Shot by Alexander Radulov.
11:08 of 1st period - Shot Misses the Net.
11:29 of 1st period - Off-side.
11:30 of 1st period - Tyler Seguin wins face-off versus Mikko Koivu in neutral zone.
11:45 of 1st period - Shot by Tyler Seguin.
11:45 of 1st period - Shot Misses the Net.
11:47 of 1st period - Shot by Rasmus Dahlin.
11:47 of 1st period - Goal by Rasmus Dahlin - SEATTLE GRUNGE : 3 - SAN JOSE BRONCOS : 1.
11:48 of 1st period - Chris Tierney wins face-off versus Jordan Weal in neutral zone.
12:14 of 1st period - Shot by Roman Josi.
12:14 of 1st period - Shot Misses the Net.
12:16 of 1st period - Shot by Chris Tierney.
12:16 of 1st period - Shot Blocked by Adam Pelech.
12:18 of 1st period - Shot by Jason Zucker.
12:18 of 1st period - Deflect By Michael Frolik.
12:18 of 1st period - Shot Blocked by Adam Pelech.
12:20 of 1st period - Shot by Roman Josi.
12:20 of 1st period - Shot Blocked by Marco Scandella.
12:22 of 1st period - Shot by Chris Tierney.
12:22 of 1st period - Shot Misses the Net.
12:24 of 1st period - Shot by Seth Jones.
12:24 of 1st period - Stopped by Petr Mrazek without a rebound.
12:25 of 1st period - Evgeni Malkin wins face-off versus Jeff Skinner in SAN JOSE BRONCOS zone.
12:25 of 1st period - Evgeni Malkin is hit by Tyler Seguin.
12:26 of 1st period - Minor Penalty to Tyler Seguin for Slashing.
12:27 of 1st period - Evgeni Malkin wins face-off versus Jason Zucker in SEATTLE GRUNGE zone.
12:50 of 1st period - Shot by Zach Parise.
12:50 of 1st period - Stopped by Semyon Varlamov with a rebound.
12:52 of 1st period - Shot by Alexander Radulov.
12:52 of 1st period - Deflect By Evgeni Malkin.
12:52 of 1st period - Shot Misses the Net.
12:54 of 1st period - Shot by Brady Skjei.
12:54 of 1st period - Stopped by Semyon Varlamov without a rebound.
12:55 of 1st period - Chris Tierney wins face-off versus Mikko Koivu in SEATTLE GRUNGE zone.
13:03 of 1st period - Shot by Oliver Bjorkstrand.
13:03 of 1st period - Stopped by Semyon Varlamov with a rebound.
13:11 of 1st period - Shot by Mikko Koivu.
13:11 of 1st period - Stopped by Semyon Varlamov without a rebound.
13:12 of 1st period - Evgeni Malkin wins face-off versus Michael Frolik in SEATTLE GRUNGE zone.
13:54 of 1st period - Shot by Evgeni Malkin.
13:54 of 1st period - Shot Misses the Net.
14:24 of 1st period - Shot by Dustin Brown.
14:24 of 1st period - Stopped by Semyon Varlamov without a rebound.
14:25 of 1st period - Mikko Koivu wins face-off versus Chris Tierney in SEATTLE GRUNGE zone.
14:32 of 1st period - Shot by Nick Bonino.
14:32 of 1st period - Stopped by Semyon Varlamov with a rebound.
14:34 of 1st period - Shot by Marco Scandella.
14:34 of 1st period - Shot Misses the Net.
15:22 of 1st period - Icing by Nick Holden.
15:23 of 1st period - Tyler Seguin wins face-off versus Evgeni Malkin in SAN JOSE BRONCOS zone.
15:24 of 1st period - Shot by Jeff Skinner.
15:24 of 1st period - Shot Blocked by Nick Holden.
15:27 of 1st period - Minor Penalty to Josh Bailey for Hooking.
15:28 of 1st period - Evgeni Malkin wins face-off versus Zemgus Girgensons in SEATTLE GRUNGE zone.
15:56 of 1st period - Shot by Zach Parise.
15:56 of 1st period - Shot Misses the Net.
16:07 of 1st period - Off-side.
16:08 of 1st period - Mikko Koivu wins face-off versus Chris Tierney in neutral zone.
17:05 of 1st period - Icing by Evgeni Malkin.
17:06 of 1st period - Michael Frolik wins face-off versus Evgeni Malkin in SAN JOSE BRONCOS zone.
17:06 of 1st period - Roman Josi is hit by Brett Kulak and loses puck.
17:50 of 1st period - Shot by Anthony Beauvillier.
17:50 of 1st period - Stopped by Semyon Varlamov without a rebound.
17:51 of 1st period - Jordan Weal wins face-off versus Mike Sgarbossa in SEATTLE GRUNGE zone.
18:06 of 1st period - Shot by Colton Sissons.
18:06 of 1st period - Shot Blocked by Damon Severson.
18:21 of 1st period - Icing by Brett Kulak.
18:22 of 1st period - Colton Sissons wins face-off versus Chris Tierney in SAN JOSE BRONCOS zone.
18:32 of 1st period - Shot by Chris Tierney.
18:32 of 1st period - Stopped by Petr Mrazek with a rebound.
18:40 of 1st period - Shot by Jason Zucker.
18:40 of 1st period - Stopped by Petr Mrazek without a rebound.
18:41 of 1st period - Tyler Seguin wins face-off versus Evgeni Malkin in SAN JOSE BRONCOS zone.
18:41 of 1st period - Josh Bailey is hit by Jaccob Slavin and loses puck.
19:16 of 1st period - Shot by Dustin Brown.
19:16 of 1st period - Shot Misses the Net.
19:18 of 1st period - Shot by Alexander Radulov.
19:18 of 1st period - Shot Misses the Net.
Goals for this period are 3 for SEATTLE GRUNGE vs 1 for SAN JOSE BRONCOS.
Shots for this period are 10 for SEATTLE GRUNGE vs 16 for SAN JOSE BRONCOS.

2nd period


0:01 of 2nd period - Chris Tierney wins face-off versus Oliver Bjorkstrand in neutral zone.
0:09 of 2nd period - Icing by Brady Skjei.
0:10 of 2nd period - Mikko Koivu wins face-off versus Zemgus Girgensons in SAN JOSE BRONCOS zone.
0:40 of 2nd period - Zach Parise is hit by Damon Severson and loses puck.
0:43 of 2nd period - Shot by Mikko Koivu.
0:43 of 2nd period - Shot Misses the Net.
0:45 of 2nd period - Shot by Brady Skjei.
0:45 of 2nd period - Shot Blocked by Damon Severson.
1:54 of 2nd period - Alexander Radulov is hit by Michael Frolik and loses puck.
2:09 of 2nd period - Shot by Dustin Brown.
2:09 of 2nd period - Deflect By Alexander Radulov.
2:09 of 2nd period - Shot Blocked by Roman Josi.
3:11 of 2nd period - Shot by Tyler Seguin.
3:11 of 2nd period - Stopped by Petr Mrazek without a rebound.
3:12 of 2nd period - Colton Sissons wins face-off versus Zemgus Girgensons in SAN JOSE BRONCOS zone.
4:06 of 2nd period - Shot by Evgeni Malkin.
4:06 of 2nd period - Shot Misses the Net.
4:08 of 2nd period - Shot by Marco Scandella.
4:08 of 2nd period - Shot Blocked by Damon Severson.
4:10 of 2nd period - Shot by Adam Pelech.
4:10 of 2nd period - Shot Misses the Net.
4:12 of 2nd period - Shot by Alexander Radulov.
4:12 of 2nd period - Stopped by Semyon Varlamov without a rebound.
4:13 of 2nd period - Mikko Koivu wins face-off versus Tyler Seguin in SEATTLE GRUNGE zone.
4:16 of 2nd period - Shot by Mikko Koivu.
4:16 of 2nd period - Stopped by Semyon Varlamov without a rebound.
4:17 of 2nd period - Chris Tierney wins face-off versus Alexander Radulov in SEATTLE GRUNGE zone.
4:23 of 2nd period - Icing by Jason Zucker.
4:24 of 2nd period - Chris Tierney wins face-off versus Dustin Brown in SEATTLE GRUNGE zone.
6:08 of 2nd period - Shot by Mikko Koivu.
6:08 of 2nd period - Deflect By Zach Parise.
6:08 of 2nd period - Stopped by Semyon Varlamov with a rebound.
6:18 of 2nd period - Shot by Zach Parise.
6:18 of 2nd period - Stopped by Semyon Varlamov without a rebound.
6:19 of 2nd period - Oskar Sundqvist wins face-off versus Nick Bonino in SEATTLE GRUNGE zone.
6:30 of 2nd period - Shot by Rasmus Dahlin.
6:30 of 2nd period - Stopped by Petr Mrazek without a rebound.
6:31 of 2nd period - Zemgus Girgensons wins face-off versus Jordan Weal in SAN JOSE BRONCOS zone.
6:55 of 2nd period - Shot by Zemgus Girgensons.
6:55 of 2nd period - Shot Misses the Net.
6:57 of 2nd period - Shot by Zemgus Girgensons.
6:57 of 2nd period - Stopped by Petr Mrazek without a rebound.
6:58 of 2nd period - Steve Bernier wins face-off versus Mikko Koivu in SAN JOSE BRONCOS zone.
6:58 of 2nd period - Steve Bernier is hit by Jaccob Slavin.
7:01 of 2nd period - Oskar Sundqvist is hit by Brady Skjei and loses puck.
7:36 of 2nd period - Shot by Vladimir Sobotka.
7:36 of 2nd period - Shot Misses the Net.
7:44 of 2nd period - Icing by Jaccob Slavin.
7:45 of 2nd period - Mikko Koivu wins face-off versus Chris Tierney in SAN JOSE BRONCOS zone.
7:47 of 2nd period - Zach Parise is hit by Michael Frolik and loses puck.
8:42 of 2nd period - Shot by Evgeni Malkin.
8:42 of 2nd period - Shot Misses the Net.
9:18 of 2nd period - Nick Holden is hit by Jeff Skinner and loses puck.
9:27 of 2nd period - Shot by Jeff Skinner.
9:27 of 2nd period - Shot Misses the Net.
9:29 of 2nd period - Shot by Travis Sanheim.
9:29 of 2nd period - Stopped by Petr Mrazek without a rebound.
9:30 of 2nd period - Colton Sissons wins face-off versus Oskar Sundqvist in SAN JOSE BRONCOS zone.
9:34 of 2nd period - Off-side.
9:35 of 2nd period - Oskar Sundqvist wins face-off versus Nick Bonino in neutral zone.
10:00 of 2nd period - Rasmus Dahlin is hit by Jesper Bratt and loses puck.
10:25 of 2nd period - Icing by Damon Severson.
10:26 of 2nd period - Mikko Koivu wins face-off versus Oskar Sundqvist in SEATTLE GRUNGE zone.
10:44 of 2nd period - Shot by Zach Parise.
10:44 of 2nd period - Stopped by Semyon Varlamov without a rebound.
10:45 of 2nd period - Zemgus Girgensons wins face-off versus Evgeni Malkin in SEATTLE GRUNGE zone.
10:54 of 2nd period - Shot by Zemgus Girgensons.
10:54 of 2nd period - Stopped by Petr Mrazek with a rebound.
11:06 of 2nd period - Shot by Zemgus Girgensons.
11:06 of 2nd period - Stopped by Petr Mrazek without a rebound.
11:07 of 2nd period - Mikko Koivu wins face-off versus Tyler Seguin in SAN JOSE BRONCOS zone.
11:30 of 2nd period - Shot by Tyler Seguin.
11:30 of 2nd period - Shot Blocked by Brady Skjei.
11:40 of 2nd period - Shot by Josh Bailey.
11:40 of 2nd period - Shot Misses the Net.
12:27 of 2nd period - Shot by Evgeni Malkin.
12:27 of 2nd period - Shot Blocked by Matthew Grzelcyk.
12:41 of 2nd period - Shot by Dustin Brown.
12:41 of 2nd period - Stopped by Semyon Varlamov without a rebound.
12:42 of 2nd period - Nick Bonino wins face-off versus Chris Tierney in SEATTLE GRUNGE zone.
12:53 of 2nd period - Shot by Anthony Beauvillier.
12:53 of 2nd period - Stopped by Semyon Varlamov without a rebound.
12:54 of 2nd period - Oskar Sundqvist wins face-off versus Colton Sissons in SEATTLE GRUNGE zone.
13:25 of 2nd period - Colton Sissons is hit by Rasmus Dahlin.
13:33 of 2nd period - Shot by Colton Sissons.
13:33 of 2nd period - Goal by Colton Sissons - SEATTLE GRUNGE : 3 - SAN JOSE BRONCOS : 2.
13:34 of 2nd period - Evgeni Malkin wins face-off versus Zemgus Girgensons in neutral zone.
13:37 of 2nd period - Shot by Dustin Brown.
13:37 of 2nd period - Shot Blocked by Travis Sanheim.
14:11 of 2nd period - Shot by Alexander Radulov.
14:11 of 2nd period - Shot Misses the Net.
14:42 of 2nd period - Shot by Oliver Bjorkstrand.
14:42 of 2nd period - Shot Misses the Net.
14:44 of 2nd period - Shot by Mikko Koivu.
14:44 of 2nd period - Deflect By Oliver Bjorkstrand.
14:44 of 2nd period - Shot Blocked by Matthew Grzelcyk.
14:50 of 2nd period - Shot by Oliver Bjorkstrand.
14:50 of 2nd period - Shot Blocked by Matthew Grzelcyk.
14:58 of 2nd period - Shot by Mikko Koivu.
14:58 of 2nd period - Stopped by Semyon Varlamov without a rebound.
14:59 of 2nd period - Chris Tierney wins face-off versus Nick Bonino in SEATTLE GRUNGE zone.
15:24 of 2nd period - Michael Frolik is hit by Anthony Beauvillier and loses puck.
15:56 of 2nd period - Shot by Tyler Seguin.
15:56 of 2nd period - Shot Misses the Net.
15:59 of 2nd period - Minor Penalty to Brady Skjei for Delaying the game.
16:00 of 2nd period - Mikko Koivu wins face-off versus Tyler Seguin in SAN JOSE BRONCOS zone.
16:30 of 2nd period - Shot by Jeff Skinner.
16:30 of 2nd period - Shot Misses the Net.
16:32 of 2nd period - Shot by Damon Severson.
16:32 of 2nd period - Shot Misses the Net.
16:34 of 2nd period - Shot by Jeff Skinner.
16:34 of 2nd period - Stopped by Petr Mrazek without a rebound.
16:35 of 2nd period - Mikko Koivu wins face-off versus Chris Tierney in SAN JOSE BRONCOS zone.
17:21 of 2nd period - Shot by Rasmus Dahlin.
17:21 of 2nd period - Shot Hit the Post.
17:43 of 2nd period - Shot by Tyler Seguin.
17:43 of 2nd period - Stopped by Petr Mrazek with a rebound.
17:49 of 2nd period - Shot by Jeff Skinner.
17:49 of 2nd period - Shot Blocked by Brett Kulak.
17:51 of 2nd period - Shot by Damon Severson.
17:51 of 2nd period - Stopped by Petr Mrazek without a rebound.
17:52 of 2nd period - Mikko Koivu wins face-off versus Tyler Seguin in SAN JOSE BRONCOS zone.
18:05 of 2nd period - Icing by Brady Skjei.
18:06 of 2nd period - Evgeni Malkin wins face-off versus Oskar Sundqvist in SAN JOSE BRONCOS zone.
18:10 of 2nd period - Off-side.
18:11 of 2nd period - Mikko Koivu wins face-off versus Oskar Sundqvist in neutral zone.
18:35 of 2nd period - Shot by Oskar Sundqvist.
18:35 of 2nd period - Shot Misses the Net.
19:01 of 2nd period - Shot by Tyler Seguin.
19:01 of 2nd period - Shot Blocked by Marco Scandella.
19:03 of 2nd period - Shot by Tyler Seguin.
19:03 of 2nd period - Stopped by Petr Mrazek without a rebound.
19:04 of 2nd period - Evgeni Malkin wins face-off versus Tyler Seguin in SAN JOSE BRONCOS zone.
19:09 of 2nd period - Damon Severson is hit by Evgeni Malkin and loses puck.
19:17 of 2nd period - Icing by Damon Severson.
19:18 of 2nd period - Tyler Seguin wins face-off versus Jesper Bratt in SEATTLE GRUNGE zone.
19:47 of 2nd period - Shot by Tyler Seguin.
19:47 of 2nd period - Shot Misses the Net.
19:49 of 2nd period - Shot by Josh Bailey.
19:49 of 2nd period - Stopped by Petr Mrazek without a rebound.
19:50 of 2nd period - Chris Tierney wins face-off versus Evgeni Malkin in SAN JOSE BRONCOS zone.
19:51 of 2nd period - Shot by Michael Frolik.
19:51 of 2nd period - Shot Misses the Net.
Goals for this period are 0 for SEATTLE GRUNGE vs 1 for SAN JOSE BRONCOS.
Shots for this period are 11 for SEATTLE GRUNGE vs 9 for SAN JOSE BRONCOS.

3rd period


0:01 of 3rd period - Chris Tierney wins face-off versus Evgeni Malkin in neutral zone.
0:10 of 3rd period - Shot by Jason Zucker.
0:10 of 3rd period - Stopped by Petr Mrazek with a rebound.
0:18 of 3rd period - Michael Frolik is hit by Alexander Radulov and loses puck.
0:54 of 3rd period - Icing by Alexander Radulov.
0:55 of 3rd period - Evgeni Malkin wins face-off versus Zemgus Girgensons in SAN JOSE BRONCOS zone.
0:55 of 3rd period - Evgeni Malkin is hit by Zemgus Girgensons.
2:41 of 3rd period - Shot by Anthony Beauvillier.
2:41 of 3rd period - Stopped by Semyon Varlamov without a rebound.
2:42 of 3rd period - Colton Sissons wins face-off versus Oskar Sundqvist in SEATTLE GRUNGE zone.
3:03 of 3rd period - Icing by Carter Rowney.
3:04 of 3rd period - Chris Tierney wins face-off versus Colton Sissons in SAN JOSE BRONCOS zone.
3:22 of 3rd period - Shot by Michael Frolik.
3:22 of 3rd period - Shot Blocked by Jaccob Slavin.
3:24 of 3rd period - Shot by Jason Zucker.
3:24 of 3rd period - Stopped by Petr Mrazek without a rebound.
3:25 of 3rd period - Evgeni Malkin wins face-off versus Zemgus Girgensons in SAN JOSE BRONCOS zone.
3:25 of 3rd period - Evgeni Malkin is hit by Zemgus Girgensons.
3:32 of 3rd period - Icing by Adam Pelech.
3:33 of 3rd period - Vladimir Sobotka wins face-off versus Evgeni Malkin in SAN JOSE BRONCOS zone.
3:40 of 3rd period - Damon Severson is hit by Evgeni Malkin and loses puck.
4:10 of 3rd period - Evgeni Malkin is hit by Damon Severson and loses puck.
4:17 of 3rd period - Shot by Dustin Brown.
4:17 of 3rd period - Deflect By Evgeni Malkin.
4:17 of 3rd period - Stopped by Semyon Varlamov without a rebound.
4:18 of 3rd period - Mikko Koivu wins face-off versus Zemgus Girgensons in SEATTLE GRUNGE zone.
4:31 of 3rd period - Shot by Mikko Koivu.
4:31 of 3rd period - Stopped by Semyon Varlamov with a rebound.
4:33 of 3rd period - Shot by Brady Skjei.
4:33 of 3rd period - Shot Blocked by Seth Jones.
4:35 of 3rd period - Shot by Mikko Koivu.
4:35 of 3rd period - Shot Misses the Net.
4:37 of 3rd period - Shot by Brady Skjei.
4:37 of 3rd period - Stopped by Semyon Varlamov with a rebound.
5:37 of 3rd period - Shot by Chris Tierney.
5:37 of 3rd period - Stopped by Petr Mrazek with a rebound.
5:39 of 3rd period - Shot by Michael Frolik.
5:39 of 3rd period - Shot Misses the Net.
6:26 of 3rd period - Shot by Evgeni Malkin.
6:26 of 3rd period - Stopped by Semyon Varlamov without a rebound.
6:27 of 3rd period - Tyler Seguin wins face-off versus Colton Sissons in SEATTLE GRUNGE zone.
6:27 of 3rd period - Tyler Seguin is hit by Carter Rowney.
6:41 of 3rd period - Shot by Jeff Skinner.
6:41 of 3rd period - Shot Blocked by Jaccob Slavin.
6:44 of 3rd period - Icing by Jaccob Slavin.
6:45 of 3rd period - Colton Sissons wins face-off versus Oskar Sundqvist in SAN JOSE BRONCOS zone.
6:57 of 3rd period - Icing by Seth Jones.
6:58 of 3rd period - Evgeni Malkin wins face-off versus Vladimir Sobotka in SEATTLE GRUNGE zone.
7:13 of 3rd period - Shot by Dustin Brown.
7:13 of 3rd period - Shot Misses the Net.
8:19 of 3rd period - Shot by Tyler Seguin.
8:19 of 3rd period - Shot Blocked by Jaccob Slavin.
8:29 of 3rd period - Shot by Jeff Skinner.
8:29 of 3rd period - Shot Blocked by Brady Skjei.
8:38 of 3rd period - Minor Penalty to Brady Skjei for Diving.
8:39 of 3rd period - Nick Bonino wins face-off versus Michael Frolik in SAN JOSE BRONCOS zone.
8:50 of 3rd period - Shot by Roman Josi.
8:50 of 3rd period - Shot Blocked by Adam Pelech.
11:07 of 3rd period - Shot by Evgeni Malkin.
11:07 of 3rd period - Stopped by Semyon Varlamov without a rebound.
11:08 of 3rd period - Nick Bonino wins face-off versus Oskar Sundqvist in SEATTLE GRUNGE zone.
11:12 of 3rd period - Anthony Beauvillier is hit by Damon Severson and loses puck.
11:17 of 3rd period - Shot by Jesper Bratt.
11:17 of 3rd period - Shot Misses the Net.
11:29 of 3rd period - Shot by Jesper Bratt.
11:29 of 3rd period - Shot Blocked by Oskar Sundqvist.
11:31 of 3rd period - Shot by Adam Pelech.
11:31 of 3rd period - Shot Misses the Net.
11:33 of 3rd period - Shot by Marco Scandella.
11:33 of 3rd period - Shot Misses the Net.
11:35 of 3rd period - Shot by Nick Bonino.
11:35 of 3rd period - Shot Misses the Net.
11:37 of 3rd period - Shot by Adam Pelech.
11:37 of 3rd period - Shot Misses the Net.
11:39 of 3rd period - Shot by Adam Pelech.
11:39 of 3rd period - Deflect By Jesper Bratt.
11:39 of 3rd period - Shot Misses the Net.
12:15 of 3rd period - Shot by Dustin Brown.
12:15 of 3rd period - Shot Misses the Net.
12:17 of 3rd period - Shot by Alexander Radulov.
12:17 of 3rd period - Shot Misses the Net.
12:19 of 3rd period - Shot by Alexander Radulov.
12:19 of 3rd period - Stopped by Semyon Varlamov without a rebound.
12:20 of 3rd period - Mikko Koivu wins face-off versus Zemgus Girgensons in SEATTLE GRUNGE zone.
12:47 of 3rd period - Shot by Mikko Koivu.
12:47 of 3rd period - Shot Blocked by Seth Jones.
15:13 of 3rd period - Minor Penalty to Rasmus Dahlin for Slashing.
15:14 of 3rd period - Mikko Koivu wins face-off versus Oskar Sundqvist in SEATTLE GRUNGE zone.
15:39 of 3rd period - Mikko Koivu is hit by Zemgus Girgensons and loses puck.
16:08 of 3rd period - Shot by Alexander Radulov.
16:08 of 3rd period - Stopped by Semyon Varlamov without a rebound.
16:09 of 3rd period - Michael Frolik wins face-off versus Evgeni Malkin in SEATTLE GRUNGE zone.
17:21 of 3rd period - Shot by Nick Bonino.
17:21 of 3rd period - Stopped by Semyon Varlamov without a rebound.
17:22 of 3rd period - Zemgus Girgensons wins face-off versus Nick Bonino in SEATTLE GRUNGE zone.
17:49 of 3rd period - Shot by Jesper Bratt.
17:49 of 3rd period - Stopped by Semyon Varlamov without a rebound.
17:50 of 3rd period - Colton Sissons wins face-off versus Tyler Seguin in SEATTLE GRUNGE zone.
18:26 of 3rd period - Icing by Colton Sissons.
18:27 of 3rd period - Oskar Sundqvist wins face-off versus Colton Sissons in SAN JOSE BRONCOS zone.
19:06 of 3rd period - Damon Severson is hit by Carter Rowney and loses puck.
19:28 of 3rd period - SAN JOSE BRONCOS, Petr Mrazek is pulled from the net.
19:58 of 3rd period - Shot by Evgeni Malkin.
19:58 of 3rd period - Goal by Evgeni Malkin - SEATTLE GRUNGE : 3 - SAN JOSE BRONCOS : 3.
19:58 of 3rd period - Petr Mrazek from SAN JOSE BRONCOS was sent back in the game.
19:59 of 3rd period - Nick Bonino wins face-off versus Chris Tierney in neutral zone.
Goals for this period are 0 for SEATTLE GRUNGE vs 1 for SAN JOSE BRONCOS.
Shots for this period are 3 for SEATTLE GRUNGE vs 11 for SAN JOSE BRONCOS.

Overtime #1


0:01 of 1st overtime period - Mike Sgarbossa wins face-off versus Evgeni Malkin in neutral zone.
0:19 of 1st overtime period - Shot by Evgeni Malkin.
0:19 of 1st overtime period - Shot Blocked by Roman Josi.
0:33 of 1st overtime period - Shot by Victor Rask.
0:33 of 1st overtime period - Deflect By Mike Sgarbossa.
0:33 of 1st overtime period - Stopped by Petr Mrazek without a rebound.
0:34 of 1st overtime period - Evgeni Malkin wins face-off versus Chris Tierney in SAN JOSE BRONCOS zone.
0:51 of 1st overtime period - Shot by Evgeni Malkin.
0:51 of 1st overtime period - Stopped by Semyon Varlamov without a rebound.
0:52 of 1st overtime period - Mikko Koivu wins face-off versus Mike Sgarbossa in SEATTLE GRUNGE zone.
0:59 of 1st overtime period - Shot by Mikko Koivu.
0:59 of 1st overtime period - Stopped by Semyon Varlamov with a rebound.
1:51 of 1st overtime period - Shot by Chris Tierney.
1:51 of 1st overtime period - Stopped by Petr Mrazek without a rebound.
1:52 of 1st overtime period - Evgeni Malkin wins face-off versus Chris Tierney in SAN JOSE BRONCOS zone.
2:07 of 1st overtime period - Shot by Evgeni Malkin.
2:07 of 1st overtime period - Shot Misses the Net.
2:17 of 1st overtime period - Shot by Evgeni Malkin.
2:17 of 1st overtime period - Shot Blocked by Roman Josi.
2:19 of 1st overtime period - Shot by Evgeni Malkin.
2:19 of 1st overtime period - Shot Misses the Net.
2:33 of 1st overtime period - Shot by Evgeni Malkin.
2:33 of 1st overtime period - Goal by Evgeni Malkin - SEATTLE GRUNGE : 3 - SAN JOSE BRONCOS : 4.
Goals for this period are 0 for SEATTLE GRUNGE vs 1 for SAN JOSE BRONCOS.
Shots for this period are 2 for SEATTLE GRUNGE vs 3 for SAN JOSE BRONCOS.


AUSTON
MATTHEWS
JOEL
ERIKSSON
MATHEW
BARZAL

EAST COAST

HOCKEY LEAGUE

  • 21.PIT7MAN3
  • 22.ATL3NHW4
  • 23.WOR5PET4
  • 24.3RHI4
  • 25.QUECHI
  • 26.CHALIM
  • 27.TRVLON
  • 28.CHWBAL